 Dungeon Crawl Stone Soup version 0.21-a0-272-g984ae92 (webtiles) character file.

30 tof the Twirler (level 3, 0/27 HPs)
             Began as a Demonspawn Gladiator on Sept 15, 2017.
             Slain by Sigmund
             ... wielding a cursed -3 scythe
              (7 damage)
             ... on level 2 of the Dungeon.
             The game lasted 00:01:34 (867 turns).

tof the Twirler (Demonspawn Gladiator)               Turns: 867, Time: 00:01:35

Health: 0/27       AC:  4    Str: 15    XL:     3   Next: 3%
Magic:  0/3        EV: 13    Int:  9    God:
Gold:   90         SH:  0    Dex: 14    Spells: 2/2 levels left

rFire    . . .     SeeInvis .   a - +0 quarterstaff
rCold    . . .     Gourm    .   (shield currently unavailable)
rNeg     . . .     Faith    .   b - +0 leather armour
rPois    .         Spirit   +   c - +0 helmet
rElec    .         Reflect  .   (no cloak)
rCorr    .         Harm     .   (no gloves)
MR       .....                  (no boots)
Stlth    +.........             (no amulet)
HPRegen  0.09/turn              (no ring)
MPRegen  0.08/turn              (no ring)

@: no status effects
A: magic shield
a: no special abilities


You were on level 2 of the Dungeon.
You were not hungry.

You visited 1 branch of the dungeon, and saw 2 of its levels.

You collected 90 gold pieces.

Inventory:

Hand Weapons
 a - a +0 quarterstaff (weapon)
Missiles
 d - 3 throwing nets (quivered)
Armour
 b - a +0 leather armour (worn)
 c - a +0 helmet (worn)
Jewellery
 j - an uncursed ring of stealth {unknown}
Scrolls
 e - a scroll of blinking {unknown}
 i - a scroll of random uselessness {unknown}
 l - a scroll of teleportation {unknown}
 m - a scroll of remove curse {unknown}
Potions
 g - a potion of brilliance {unknown}
 h - a potion of heal wounds {unknown}
 k - a potion of mutation {unknown}
Comestibles
 f - a bread ration


   Skills:
 + Level 2.2 Fighting
 * Level 3.2 Staves
 + Level 2.0 Throwing
 + Level 0.6 Armour
 + Level 2.9 Dodging


You had 2 spell levels left.
You didn't know any spells.

Dungeon Overview and Level Annotations

Branches:
Dungeon (2/15)

Altars:

Annotations:
D:2 Sigmund


Innate Abilities, Weirdness & Mutations

When hurt, damage is shared between your health and your magic reserves.


Message History

You thump the dart slug!
You kill the dart slug!
You have reached level 3!
Your experience leads to an increase in your attributes!
Increase (S)trength, (I)ntelligence, or (D)exterity?
You feel stronger.
You hear some strange, mumbled words.
Something tries to affect you, but you resist.
You barely miss the hobgoblin. Something hits you.
* * * LOW HITPOINT WARNING * * *
The hobgoblin hits you but does no damage.
You sock the hobgoblin!
You kill the hobgoblin!
Your Throwing skill increases to level 2!
Something completely misses you.
Found a chain mail.
Items here: ) ††† a club; a hobgoblin corpse; a dart slug corpse; a rat corpse You closely miss something.
Something hits you!
You die...

#..# ##.##
#..# #..#
#..# #..#
#..# #..#
#.@#
#....{..[..#
#....!.....#
#..........#
#..........#
#........>.#
#..........#
#...<......#


There were no monsters in sight!

Vanquished Creatures
  2 dart slugs
  A leopard gecko (D:1)
  2 giant cockroaches
  3 goblins (D:1)
  3 hobgoblins
  4 bats (D:1)
  A frilled lizard (D:1)
  3 kobolds (D:1)
  6 rats
25 creatures vanquished.

Notes
Turn   | Place    | Note
-------+----------+-------------------------------------------
     0 | D:1      | tof the Demonspawn Gladiator began the quest for the Orb.
     0 | D:1      | Reached XP level 1. HP: 16/16 MP: 1/1
   251 | D:1      | Gained mutation: When hurt, damage is shared between your health and your magic reserves. [demonic ancestry]
   251 | D:1      | Reached XP level 2. HP: 22/22 MP: 2/2
   263 | D:1      | Reached skill level 3 in Staves
   856 | D:2      | Noticed Sigmund
   863 | D:2      | Reached XP level 3. HP: 10/27 MP: 1/3
   867 | D:2      | Slain by Sigmund

Vault maps used:
D:1:      dpeg_arrival_fog, minmay_fountain_box
D:2:      uniq_sigmund, uniq_crazy_yiuf_cottage

Skill      XL: |  1  2  3 |
---------------+----------+-----
Staves         | 3 |  3.2
Throwing       | 2 |  2.0
Fighting       | |  2.2
Armour         | |  0.6
Dodging        | |  2.9

Action                   || total
-------------------------++-------
Melee: Quarterstaff      ||    66
Armor: Leather armour    ||    18
Dodge: Dodged            ||    68

Table legend:
 A = Spawn XP
 B = Non-spawn XP
 C = Spawn XP percentage of total XP
 D = Spawn monster count
 E = Non-spawn monster count
 F = Spawn count percentage of total count
 G = Total turns spent on level
                    A         B        C        D         E        F      G
               +---------+---------+-------+---------+---------+-------+---------
         Total |       0 |      43 |   0.0 |       0 |      25 |   0.0 |   867
               +---------+---------+-------+---------+---------+-------+---------
           D:1 |       0 |      34 |   0.0 |       0 |      21 |   0.0 |   837
           D:2 |       0 |       9 |   0.0 |       0 |       4 |   0.0 |    30
               +---------+---------+-------+---------+---------+-------+---------
